 Seeded DCSS version 0.27.1-1-g398f81649c (webtiles) character file.

Game seed: 8570300359430318674 (custom seed)

78901 a11behringer the Fencer (level 16, -10/125 HPs)
             Began as a Formicid Fighter on Sept 12, 2021.
             Was a High Priest of Okawaru.
             Killed by divine providence
             ... invoked by an orc priest
             ... led by an orc warlord
              (12 damage)
             ... on level 2 of the Orcish Mines.
             The game lasted 01:57:50 (19398 turns).

a11behringer the Fencer (Formicid Fighter)         Turns: 19398, Time: 01:57:50

Health: -10/125    AC: 27    Str: 26      XL:     16   Next: 9%
Magic:  22/22      EV:  8    Int:  7 (9)  God:    Okawaru [*****.]
Gold:   215        SH: 18    Dex: 15      Spells: 15/15 levels left

rFire    + . .     SeeInvis +   D - +4 great sword (freeze)
rCold    + . .     Faith    .   c - +0 kite shield
rNeg     + + +     Spirit   .   t - +1 plate armour of the Fife {rN+ Str+4 SInv}
rPois    .         Reflect  +   (helmet unavailable)
rElec    +         Harm     .   K - scarf {rC+ rF+}
rCorr    .         Rampage  +   x - +2 pair of gloves
Will     ++...                  L - +2 pair of boots {rampage}
Stlth    ..........             w - amulet of Qobla {Reflect -Tele rElec rN++ Slay+2 SH+5}
HPRegen  0.30/turn              o - +4 ring of protection
MPRegen  0.18/turn              Z - ring of willpower

@: studying Earth Magic
A: permanent stasis, dig shafts and tunnels, antennae 3, four strong arms
a: Dig, Shaft Self, Renounce Religion, Heroism, Finesse


You were on level 2 of the Orcish Mines.
You worshipped Okawaru.
Okawaru was extremely pleased with you.
You visited 3 branches of the dungeon, and saw 18 of its levels.
You also visited: Ice Cave.

You collected 1659 gold pieces.
You spent 1444 gold pieces at shops.

Inventory:

Hand Weapons
 d - a +5 demon blade of venom
 h - a +1 short sword of speed
 i - a +4 long sword of holy wrath
 y - a +0 scimitar of flaming
 D - a +4 great sword of freezing (weapon)
 E - a +4 spectral scimitar
 H - a +2 vorpal long sword
 J - a +5 antimagic long sword
 M - a +5 falchion of freezing
 V - a +1 triple crossbow of freezing
 X - the +6 arbalest "Pygiuck" {vorpal, rElec rCorr Str-4 SInv}
   (Okawaru gifted it to you in an ice cave)

   Any ammunition fired from it inflicts extra damage upon your enemies.
   Str:       It affects your strength (-4).
   rElec:     It insulates you from electricity.
   SInv:      It lets you see invisible.
   rCorr:     It protects you from acid and corrosion.
Missiles
 l - 125 bolts
Armour
 c - a +0 kite shield (worn)
 t - the +1 plate armour of the Fife (worn) {rN+ Str+4 SInv}
   (You found it on level 6 of the Dungeon)

   Str:       It affects your strength (+4).
   rN:        It protects you from negative energy.
   SInv:      It lets you see invisible.
 u - the +0 pair of boots "Plog" {rPois rC+ Regen+}
   (Okawaru gifted it to you on level 15 of the Dungeon)

   rC:        It protects you from cold.
   rPois:     It protects you from poison.
   Regen:     It increases your rate of health regeneration.
 x - a +2 pair of gloves (worn)
 K - a scarf of resistance (worn)
 L - a +2 pair of boots of rampaging (worn)
 N - a +2 plate armour of fire resistance
 U - a +2 cloak
Jewellery
 o - a +4 ring of protection (left hand)
 v - a ring of protection from fire
 w - the amulet of Qobla (around neck) {Reflect -Tele rElec rN++ Slay+2 SH+5}
   (You found it on level 4 of the Dungeon)

   [amulet of reflection]

   It reflects blocked missile attacks.
   Slay:      It affects your accuracy & damage with ranged weapons and melee
   (+2).
   rElec:     It insulates you from electricity.
   rN:        It greatly protects you from negative energy.
   -Tele:     It prevents most forms of teleportation.
   SH:        It affects your SH (+5).
 B - an amulet of the acrobat
 C - a ring of poison resistance
 O - a ring of magical power
 T - a ring of flight
 Y - the ring "Zethoehuo" {rC+ rCorr Dex+4 Stlth+}
   (You found it in an ice cave)

   [ring of protection from cold]

   Dex:       It affects your dexterity (+4).
   rC:        It protects you from cold.
   rCorr:     It protects you from acid and corrosion.
   Stlth:     It makes you more stealthy.
 Z - a ring of willpower (right hand)
Wands
 g - a wand of polymorph (9)
 q - a wand of acid (15)
 r - a wand of flame (29)
Scrolls
 s - 2 scrolls of identify
 I - 3 scrolls of fog
 P - a scroll of acquirement
 S - a scroll of vulnerability
 W - 2 scrolls of enchant weapon
Potions
 a - 2 potions of ambrosia
 b - 6 potions of flight
 e - 4 potions of lignification
 f - 2 potions of degeneration
 j - 2 potions of brilliance
 k - 11 potions of curing
 m - 2 potions of might
 n - 6 potions of attraction
 p - 2 potions of berserk rage
 z - 2 potions of resistance
 A - a potion of haste
 F - 4 potions of magic


   Skills:
 + Level 11.3 Fighting
 + Level 18.5 Long Blades
 - Level 3.4 Crossbows
 - Level 12.0 Armour
 - Level 0.8 Dodging
 - Level 0.3 Stealth
 - Level 11.1 Shields
 - Level 8.2 Invocations
 - Level 4.1 Evocations


You had 15 spell levels left.
You didn't know any spells.
Your spell library contained the following spells:

 Spells                   Type           Power      Damage    Failure   Level
 Animate Skeleton         Necr           0%         N/A       98%         1
 Apportation              Tloc           0%         N/A       98%         1
 Beastly Appendage        Tmut           0%         N/A       98%         1
 Corona                   Hex            0%         N/A       98%         1
 Foxfire                  Conj/Fire      0%         2x1d4     98%         1
 Freeze                   Ice            0%         1d3       98%         1
 Pain                     Necr           0%         1d4       98%         1
 Summon Small Mammal      Summ           0%         N/A       98%         1
 Corpse Rot               Necr/Air       N/A        N/A       99%         2
 Wereblood                Tmut           0%         N/A       99%         2
 Conjure Flame            Conj/Fire      0%         6-21      100%        3
 Frozen Ramparts          Ice            0%         1d2       100%        3
 Inner Flame              Hex/Fire       0%         N/A       100%        3
 Lesser Beckoning         Tloc           0%         N/A       100%        3
 Spider Form              Tmut/Pois      0%         N/A       100%        3
 Summon Guardian Golem    Hex/Summ       0%         N/A       100%        3
 Dispel Undead            Necr           0%         3d6       100%        4
 Hailstorm                Conj/Ice       0%         3d3       100%        4
 Leda's Liquefaction      Hex/Erth       0%         N/A       100%        4
 Passage of Golubria      Tloc           N/A        N/A       100%        4
 Agony                    Necr           0%         N/A       100%        5
 Excruciating Wounds      Necr           0%         N/A       100%        5
 Freezing Cloud           Conj/Ice/Air   0%         6-21      100%        5
 Manifold Assault         Tloc           0%         N/A       100%        5
 Silence                  Hex/Air        0%         N/A       100%        5
 Death Channel            Necr           0%         N/A       100%        6
 Simulacrum               Ice/Necr       0%         N/A       100%        6
 Malign Gateway           Summ/Tloc      0%         N/A       100%        7
 Ignition                 Fire           0%         3d3       100%        8
 Lehudib's Crystal Spear  Conj/Erth      0%         10d2      100%        8
 Summon Horrible Things   Summ           0%         N/A       100%        8
 Polar Vortex             Ice            0%         N/A       100%        9
 Blink                    Tloc           Unusable   N/A       N/A         2

Dungeon Overview and Level Annotations

Branches:
Dungeon (15/15)            Temple (1/1) D:7            Lair (0/6) D:11
    Orc (2/2) D:9          Vaults (0/5) D:14         Depths (0/5) D:15
  IceCv (visited)
    Elf: Orc:2

Altars:
Ashenzari
Makhleb
Okawaru
Vehumet
Yredelemnul
The Shining One
Beogh

Shops:
D:1 *=?(?   D:7 [[:[=   D:8 [   Orc:2 ?(


Innate Abilities, Weirdness & Mutations

You cannot be hasted, slowed, berserked, paralysed or teleported.
You can dig through walls and to a lower floor.
You have a pair of large antennae on your head. (SInv)
Your four strong arms can wield two-handed weapons with a shield.


Message History

The troll bites you but does no damage. You block the troll's attack.
The troll completely misses you.
The orc warrior hits you but does no damage.
You hit the orc. You freeze the orc.
The orc is heavily wounded.
You block the orc warrior's attack. You block the troll's attack.
The troll barely misses you. The troll claws you but does no damage.
The orc warrior hits you but does no damage.
You slash the orc! You freeze the orc.
You kill the orc!
You block the orc warrior's attack. You block the troll's attack.
The troll claws you. The troll claws you but does no damage.
You closely miss the orc. The orc warrior barely misses you.
The orc priest looks encouraged for a moment.
You block the orc warrior's attack.
The orc priest mumbles some strange prayers to Beogh against you.
Beogh smites you!
* * * LOW HITPOINT WARNING * * *
You rampage towards the orc warrior!
You slice the orc warrior!! You freeze the orc warrior!
You kill the orc warrior!
Okawaru accepts your kill. The troll bites you!
* * * LOW HITPOINT WARNING * * *
You block the troll's attack. The troll claws you but does no damage.
The orc warrior hits you but does no damage.
The orc hits you but does no damage. You block the orc priest's attack.
The troll bites you!
* * * LOW HITPOINT WARNING * * *
You block the troll's attack. The troll claws you but does no damage.
The orc warrior hits you but does no damage.
The orc barely misses you.
You riposte.
You slash the orc! You freeze the orc.
You kill the orc!
The orc wizard casts a spell at you. The magic dart hits you.
* * * LOW HITPOINT WARNING * * *
You see here a +0 hand axe.
The orc priest invokes the aid of Beogh against you.
Beogh smites you!
You die...

...............##
.................##+##
...........................
...........................
..........#........#.......
..................#.#......
...........................
...........................
................@)8.8.#....
........∩.....#..)oo.......
................##T('##....
.........^....###ooo..# .
.......#.....## #8o).8#
...........#.#####...##
.............#...#)..#
.............#...')).'
....#........#...#...#.


You could see a troll, an orc warrior, 2 orc priests and an orc wizard
(invisible).

Vanquished Creatures
  An azure jelly (IceCv)
  3 orc warlords
  3 quicksilver oozes (IceCv)
  A very ugly thing (D:10)
  Josephine (Orc:1)
  A great orb of eyes (D:15)
  3 rakshasas (D:15)
  2 ogre magi
  3 boulder beetles
  7 centaur warriors
  14 two-headed ogres
  An orc high priest (Orc:1)
  9 hell knights (D:12)
  A salamander mystic (D:11)
  3 wizards
  3 deep elf pyromancers
  A necromancer (D:14)
  4 orc knights
  4 orc sorcerers
  11 ugly things
  6 salamanders (D:11)
  3 manticores
  A cyclops (D:11)
  An ice statue (IceCv)
  3 unseen horrors
  3 komodo dragons
  2 rime drakes (D:12)
  An efreet (D:15)
  A freezing wraith (D:15)
  An entropy weaver simulacrum (IceCv)
  3 meliai (D:12)
  A queen bee (D:12)
  9 trolls
  A slime creature (shapeshifter) (D:15)
  Prince Ribbit (D:5)
  24 slime creatures
  Sigmund (D:2)
  A shadow (D:11)
  3 wyverns
  A water elemental (D:11)
  7 wraiths
  13 vampire mosquitoes
  2 basilisks
  2 wargs (Orc:2)
  2 acid dragons
  Duvessa (D:4)
  7 hell hounds (D:12)
  5 demonic crawler simulacra (IceCv)
  2 water moccasins
  2 ugly thing simulacra (IceCv)
  An ice beast (D:5)
  35 orc warriors
  A black bear (D:5)
  6 ogres
  A necrophage (D:7)
  2 sky beasts
  2 wolves (D:11)
  10 centaurs
  A wyvern zombie (D:7)
  A glowing shapeshifter simulacrum (IceCv)
  3 bullfrogs (D:7)
  3 scorpions
  A wyvern skeleton (D:7)
  Dowan (D:4)
  A water moccasin skeleton (D:6)
  24 killer bees
  25 wights
  8 howler monkeys
  3 electric eels (D:11)
  7 centaur zombies
  12 hounds
  15 orc priests
  3 jellies
  Crazy Yiuf (D:2)
  A gnoll shaman (Orc:2)
  Ijyb (D:3)
  A bullfrog skeleton (D:7)
  5 iguanas
  Natasha (thrice) (D:3)
  13 orc wizards
  A killer bee zombie (D:7)
  A hound zombie (D:5)
  Robin (D:3)
  2 howler monkey zombies
  4 gnolls (Orc:2)
  5 adders
  3 white imps
  5 dart slugs
  59 orcs
  6 ball pythons
  7 endoplasms
  2 giant cockroaches
  17 goblins
  9 hobgoblins
  5 jackals (D:4)
  A quokka (D:1)
  4 bats
  A frilled lizard (D:2)
  6 kobolds
  7 rats
523 creatures vanquished.

Vanquished Creatures (others)
  An entropy weaver simulacrum (IceCv)
  A glowing shapeshifter simulacrum (IceCv)
  A hound (D:11)
  2 plants (D:15)
5 creatures vanquished.

Grand Total: 528 creatures vanquished

Notes
Turn   | Place    | Note
-------+----------+-------------------------------------------
     0 | D:1      | a11behringer the Formicid Fighter began the quest for the
                  | Orb.
     0 | D:1      | Reached XP level 1. HP: 18/18 MP: 1/1
   183 | D:1      | Found Doaf's Magic Scroll Emporium.
   191 | D:1      | Reached XP level 2. HP: 24/24 MP: 2/2
   240 | D:1      | Found Ajetz's Weapon Emporium.
   668 | D:1      | Found Xefiu's General Store.
   677 | D:1      | Found Febio's Jewellery Shop.
   701 | D:1      | Reached XP level 3. HP: 27/29 MP: 3/3
   746 | D:1      | Found Ziny's Magic Scroll Shoppe.
  1005 | D:1      | Bought a +0 scimitar of draining for 92 gold pieces
  1043 | D:2      | Noticed Sigmund
  1060 | D:2      | Killed Sigmund
  1061 | D:2      | Reached skill level 3 in Long Blades
  1061 | D:2      | Reached XP level 4. HP: 22/37 MP: 4/4
  1061 | D:2      | Reached XP level 5. HP: 25/42 MP: 5/5
  1266 | D:2      | Reached XP level 6. HP: 48/48 MP: 6/6
  1326 | D:2      | Found a runed translucent door.
  1327 | D:2      | Noticed Crazy Yiuf
  2194 | D:2      | Killed Crazy Yiuf
  2292 | D:3      | Reached skill level 4 in Long Blades
  2326 | D:3      | Noticed Robin
  2366 | D:3      | Killed Robin
  2468 | D:3      | Found a faded altar of an unknown god.
  2487 | D:3      | Noticed Ijyb
  2494 | D:3      | Killed Ijyb
  2587 | D:3      | Noticed Natasha
  2600 | D:3      | Killed Natasha
  2601 | D:3      | Reached skill level 5 in Long Blades
  2614 | D:3      | Noticed Natasha
  2628 | D:3      | Killed Natasha
  2629 | D:3      | Reached XP level 7. HP: 42/53 MP: 7/7
  2744 | D:3      | Noticed Natasha
  2754 | D:3      | Killed Natasha
  3116 | D:4      | Noticed Dowan
  3126 | D:4      | Reached skill level 6 in Long Blades
  3133 | D:4      | Noticed Duvessa
  3135 | D:4      | Killed Dowan
  3152 | D:4      | Killed Duvessa
  3473 | D:4      | Identified the amulet of Qobla {Reflect -Tele rElec rN++
                  | Slay+2 SH+5}
  3486 | D:4      | Got Sif Muna's Tome of Ensnaring Heat
  3846 | D:5      | Entered Level 5 of the Dungeon
  3846 | D:5      | Noticed Prince Ribbit
  4013 | D:5      | Reached skill level 7 in Long Blades
  4013 | D:5      | Reached XP level 8. HP: 60/60 MP: 8/8
  4105 | D:5      | Killed Prince Ribbit
  4106 | D:5      | Reached skill level 8 in Long Blades
  4217 | D:5      | Reached skill level 9 in Long Blades
  4255 | D:5      | Noticed a wyvern
  4274 | D:5      | Killed a wyvern
  4275 | D:5      | Reached XP level 9. HP: 40/65 MP: 9/9
  4464 | D:5      | Reached skill level 10 in Long Blades
  4828 | D:6      | Identified the +1 plate armour of the Fife {rN+ Str+4 SInv}
  4983 | D:6      | Found a burning altar of Makhleb.
  5038 | D:6      | Reached skill level 11 in Long Blades
  5652 | D:7      | Found Ciuraon's Armour Boutique.
  5667 | D:7      | Found Ninwo's Jewellery Boutique.
  5685 | D:7      | Reached skill level 12 in Long Blades
  5768 | D:7      | Found a staircase to the Ecumenical Temple.
  5776 | Temple   | Entered the Ecumenical Temple
  5801 | Temple   | Became a worshipper of Warmaster Okawaru
  5829 | D:7      | Found Ygunt's Antique Armour Boutique.
  5859 | D:7      | Reached XP level 10. HP: 70/71 MP: 10/10
  5967 | D:7      | Found Lygoum's Armour Emporium.
  5984 | D:7      | Found Nuebb's Book Shop.
  6670 | D:8      | Found Besuakav's Antique Armour Emporium.
  6680 | D:8      | Reached skill level 13 in Long Blades
  6685 | D:8      | Bought a glowing scarf for 184 gold pieces
  7021 | D:7      | Bought a +2 pair of boots of rampaging for 236 gold pieces
  7138 | D:7      | Reached * piety under Okawaru
  7348 | D:8      | Noticed an unseen horror
  7357 | D:8      | Killed an unseen horror
  7807 | D:9      | Found a staircase to the Orcish Mines.
  7972 | D:9      | Reached ** piety under Okawaru
  8074 | D:9      | Reached skill level 14 in Long Blades
  8427 | D:10     | Entered Level 10 of the Dungeon
  8459 | D:10     | Noticed a red ugly thing
  8459 | D:10     | Noticed a brown ugly thing
  8459 | D:10     | Noticed a red ugly thing
  8459 | D:10     | Noticed a purple ugly thing
  8468 | D:10     | Noticed a white ugly thing
  8468 | D:10     | Noticed a white ugly thing
  8510 | D:9      | Killed a brown ugly thing
  8511 | D:9      | Reached XP level 11. HP: 45/76 MP: 11/11
  8668 | D:10     | Killed a brown ugly thing
  8679 | D:9      | Killed a brown ugly thing
  8686 | D:9      | Killed a cyan ugly thing
  8687 | D:9      | Reached skill level 15 in Long Blades
  8924 | D:10     | Killed a cyan ugly thing
  8924 | D:10     | Reached *** piety under Okawaru
  8990 | D:10     | Noticed a two-headed ogre
  8999 | D:10     | Killed a two-headed ogre
  9298 | D:10     | Killed a purple ugly thing
  9315 | D:10     | Noticed a wizard
  9327 | D:10     | Killed a wizard
  9327 | D:10     | Reached **** piety under Okawaru
  9328 | D:10     | Reached skill level 16 in Long Blades
  9467 | D:10     | Noticed a green very ugly thing
  9467 | D:10     | Noticed a wizard
  9485 | D:10     | Killed a green very ugly thing
  9486 | D:10     | Reached skill level 1 in Invocations
  9487 | D:10     | Killed a wizard
  9593 | D:10     | Reached XP level 12. HP: 83/83 MP: 11/13
  9731 | D:10     | Reached skill level 5 in Armour
  9805 | D:10     | Noticed a two-headed ogre
  9815 | D:10     | Killed a two-headed ogre
 10233 | D:1      | Bought a scroll of identify for 24 gold pieces
 10233 | D:1      | Bought a scroll of identify for 24 gold pieces
 10658 | D:11     | Noticed a two-headed ogre
 10668 | D:11     | Killed a two-headed ogre
 10706 | D:11     | Found a staircase to the Lair.
 10725 | D:11     | Reached ***** piety under Okawaru
 10728 | D:11     | Reached skill level 5 in Invocations
 11209 | D:11     | Found the +3 salamander hide armour {Flames rF++ rC--}
 11212 | D:11     | Noticed a salamander mystic
 11222 | D:11     | Killed a salamander mystic
 11444 | D:11     | Noticed a two-headed ogre
 11451 | D:11     | Killed a two-headed ogre
 11451 | D:11     | Received a gift from Okawaru
 11452 | D:11     | Reached XP level 13. HP: 88/88 MP: 15/19
 11763 | D:12     | Reached skill level 5 in Shields
 11963 | D:12     | Reached skill level 10 in Armour
 11997 | D:12     | Found a frozen archway.
 12011 | IceCv    | Entered an ice cave
 12294 | IceCv    | Reached skill level 5 in Fighting
 12472 | IceCv    | Noticed a quicksilver ooze
 12485 | IceCv    | Killed a quicksilver ooze
 13079 | IceCv    | Noticed a quicksilver ooze
 13084 | IceCv    | Killed a quicksilver ooze
 13115 | IceCv    | Noticed a quicksilver ooze
 13116 | IceCv    | Found a viscous altar of Jiyva.
 13116 | IceCv    | Noticed an azure jelly
 13119 | IceCv    | Killed a quicksilver ooze
 13126 | IceCv    | Killed an azure jelly
 13126 | IceCv    | Identified the +6 arbalest "Pygiuck" {vorpal, rElec rCorr
                  | Str-4 SInv} (Okawaru gifted it to you in an ice cave)
 13126 | IceCv    | Received a gift from Okawaru
 13146 | IceCv    | Got the ring "Zethoehuo" {rC+ rCorr Dex+4 Stlth+}
 13368 | D:12     | You are sucked into a shaft and drop 1 floor!
 13551 | D:13     | Noticed a centaur warrior
 13559 | D:13     | Killed a centaur warrior
 13576 | D:13     | Noticed a centaur warrior
 13582 | D:13     | Killed a centaur warrior
 13603 | D:13     | Reached skill level 1 in Crossbows
 13713 | D:13     | Reached XP level 14. HP: 103/103 MP: 13/20
 13771 | D:13     | Identified the +5 flail of Equivalence {vorpal, rElec rN+
                  | Str+3}
 14556 | D:12     | Received a gift from Okawaru
 14570 | D:12     | Reached skill level 10 in Shields
 14574 | D:12     | Identified the +4 quarterstaff of the Howling Boar {venom,
                  | Str-2 Int-5 Dex+9}
 15791 | D:14     | Found a gate to the Vaults.
 15794 | D:14     | Reached skill level 1 in Evocations
 15848 | D:14     | Received a gift from Okawaru
 15862 | D:14     | Identified the +10 mace "Myuhar" {protect, rF+}
 16440 | D:15     | Entered Level 15 of the Dungeon
 16564 | D:15     | Received a gift from Okawaru
 16565 | D:15     | Reached XP level 15. HP: 113/113 MP: 18/21
 16589 | D:15     | Found a staircase to the Depths.
 16603 | D:15     | Reached skill level 17 in Long Blades
 16696 | D:15     | Identified the +0 pair of boots "Plog" {rPois rC+ Regen+}
                  | (Okawaru gifted it to you on level 15 of the Dungeon)
 16696 | D:15     | Received a gift from Okawaru
 16822 | D:15     | Found a glowing golden altar of the Shining One.
 16944 | D:15     | Reached skill level 10 in Fighting
 17975 | Orc:1    | Entered Level 1 of the Orcish Mines
 17975 | Orc:1    | Noticed Josephine
 17996 | Orc:1    | Killed Josephine
 18065 | Orc:1    | Noticed an orc warlord
 18088 | Orc:1    | Killed an orc warlord
 18509 | Orc:1    | Reached skill level 18 in Long Blades
 18560 | Orc:1    | Noticed an orc warlord
 18608 | Orc:1    | Killed an orc warlord
 18817 | Orc:1    | Received a gift from Okawaru
 19196 | Orc:2    | Entered Level 2 of the Orcish Mines
 19206 | Orc:2    | Found a radiant altar of Vehumet.
 19234 | Orc:2    | Reached XP level 16. HP: 108/125 MP: 22/22
 19285 | Orc:2    | Found Teeruq's Magic Scroll Shoppe.
 19294 | Orc:2    | Bought a scroll of acquirement for 884 gold pieces
 19321 | Orc:2    | Found Naefizauh's Antique Weapon Shoppe.
 19355 | Orc:2    | Received a gift from Okawaru
 19397 | Orc:2    | HP: 1/125 [orc wizard/magic dart (6)]
 19398 | Orc:2    | Killed from afar by an orc priest

Illustrated notes

Levels and vault maps discovered:
D:1:      co_arrival_random_square_maze, layout_loops_ring, serial_shops,
          nicolae_diamond_shop, shop, shop, shop, shop_coins
D:2:      wander_river, layout_basic, uniq_crazy_yiuf_cottage, uniq_sigmund
D:3:      layout_rooms, hellmonk_ecumenical_altar_lost_god,
          minmay_misc_feat_columns, uniq_robin, uniq_ijyb, uniq_natasha
D:4:      layout_basic, uniq_duvessa
D:5:      layout_rooms, minmay_fractal_squares_5, uniq_prince_ribbit1
D:6:      layout_rooms, old_standard_altar
D:7:      layout_loops_cross, minmay_temple_entry_statues_pillars, serial_shops,
          kennysheep_little_box, nicolae_shop_behind_doors,
          nicolae_shop_temple_entry_statues_fountains, nicolae_shop_stone,
          nicolae_shop_statue_plus, minmay_starry_boxes
D:8:      layout_basic, serial_shops, nicolae_shop_statue_plus
D:9:      layout_roguey, orc_0_dummy
D:10:     cheibrodos_breeding_chamber, layout_irregular_city, st_stairs_12
D:11:     layout_irregular_city, erik_lair_island,
          hellmonk_guarded_unrand_salamander
D:12:     layout_basic, portal_ice_cave_rime, special_room [special_room_bee],
          minmay_rotating_lava
D:13:     layout_roguey
D:14:     layout_gridville, david_vaults_1, minmay_misc_feat_nine_boxes,
          nrook_pool_corridor
D:15:     gammafunk_enter_depths_forms, layout_long_grid, nrook_uturn,
          statue_in_the_mist_lemuel, amcnicky_mini_corridor_feature,
          tso_oasis_becter
Temple:   roderic_octagonal_lattice_temple
Orc:1:    orc_temple, layout_diamond_mine, uniq_josephine
Orc:2:    grunt_orc_community_town_hall, layout_caves,
          grunt_orc_community_big_house_2, grunt_orc_community_big_house_1,
          grunt_orc_community_house_3, grunt_orc_community_house_2,
          grunt_orc_community_house_3, grunt_orc_community_house_1,
          grunt_orc_community_house_3, grunt_orc_community_house_2,
          serial_shops, shop, basic_altar

Skill      XL: |  1  2  3  4  5  6  7  8  9 10 11 12 13 14 15 |
---------------+----------------------------------------------+-----
Shields        | 4 8 11 | 11.1
Long Blades    | 3 5 7 9 12 14 16 18 | 18.5
Armour         | 4 9 11 12 | 12.0
Invocations    | 1 8 |  8.2
Fighting       | 7 9 11 | 11.3
Crossbows      | 1 3 |  3.4
Evocations     | 2 4 |  4.1
Dodging        | |  0.8
Stealth        | |  0.3

Action                   |  1- 3 |  4- 6 |  7- 9 | 10-12 | 13-15 | 16-18 || total
-------------------------+-------+-------+-------+-------+-------+-------++-------
Melee: Long sword        |    63 |       |       |   261 |       |       ||   324
       Scimitar          |    10 |    86 |   269 |   122 |       |       ||   487
       Great sword       |       |       |       |    33 |   762 |    96 ||   891
Invok: Heroism           |       |       |       |     8 |    29 |     1 ||    38
       Finesse           |       |       |       |     2 |    19 |     1 ||    22
 Abil: Dig               |       |     3 |     5 |     2 |     3 |       ||    13
  Use: Scroll            |       |     5 |     5 |     7 |    11 |       ||    28
       Potion            |       |     1 |     1 |     4 |     3 |     2 ||    11
Armor: Scale mail        |    41 |     4 |       |       |       |       ||    45
       Plate armour      |       |    32 |   112 |   203 |   228 |    32 ||   607
Dodge: Dodged            |    22 |    20 |    32 |   106 |   118 |    23 ||   321
Block: Kite shield       |    54 |    39 |   189 |   349 |   525 |    96 ||  1252
       Reflection        |       |       |     2 |     8 |    28 |       ||    38
       Rpst.: Long sword |    12 |       |       |    15 |       |       ||    27
       Scimitar          |       |     6 |    11 |    13 |       |       ||    30
       Great sword       |       |       |       |       |    29 |     6 ||    35
